[Event "Live Chess"]
[Site "Chess.com"]
[Date "2024.06.02"]
[Round "-"]
[White "missedJariChance"]
[Black "best137"]
[Result "0-1"]
[WhiteElo "1359"]
[BlackElo "1528"]
[TimeControl "300"]
[EndTime "8:19:48 PDT"]
[Termination "best137 won by resignation"]

1. b3 d5 2. Bb2 Nf6 3. Nf3 Nc6 4. e3 Bg4 5. Be2 g6 6. c4 dxc4 7. Bxc4 Bg7 8. O-O O-O 9. d4 Re8 10. Be2 Nd7 11. h3 Bxf3 12. Bxf3 e5 13. Bxc6 bxc6 14. Nd2 exd4 15. exd4 c5 16. Nf3 cxd4 17. Nxd4 c5 18. Nc6 Qc7 19. Bxg7 Kxg7 20. Qf3 Rac8 21. Qc3+ Kg8 22.
Na5 Re2 23. Nc4 Rce8 24. a3 Nb6 25. Rad1 Nxc4 26. Qxc4 Qa5 27. a4 Re1 28. Kh2 Qc7+ 29. Kg1 Rxf1+ 30. Rxf1 Qd6 31. a5 Qd4 32. Qb5 Rd8 33.
Qb7 Qd7 34. Qf3 Qd5 35. Qc3 Qd4 36.
Qb2 Qxb2 0-1

[Event "Live Chess"]
[Site "Chess.com"]
[Date "2024.06.02"]
[Round "-"]
[White "dmitro74"]
[Black "CheckThis4"]
[Result "0-1"]
[WhiteElo "1739"]
[BlackElo "2677"]
[TimeControl "300"]
[EndTime "8:19:49 PDT"]
[Termination "CheckThis4 won on time"]

1. d4 d5 2. c4 e5 3. dxe5 d4 4. Nf3 Nc6 5. Bg5 Bb4+ 6. Nbd2 f6 7. exf6 Nxf6 8. a3 Be7 9. Qc2 Be6 10. e3 Qd7 11. exd4 Nxd4 12. Nxd4 Qxd4 13. Nf3 Qd7 14.
Rd1 Qc6 15. Be2 O-O 16. O-O Rae8 17. Nd4 Qd7 18. Nf5 Qc8 19. Nxe7+ Rxe7 20. Bf3 c6 21. Rfe1 h6 22. Bf4 Ref7 23. Bd6 Re8 24. Qc3 Bf5 25. Be5 Ng4 26. Bg3 Ref8 27. h3 Nf6 28. Bd6 Rd8 29. Rd4 Bg6 30. Red1 Kh7 31. Be5 Rxd4 32.
Qxd4 Qe6 33. Qc3 Nd7 34. Bd4 Nb6 35. b3 Nd7 36. Re1 Qd6 37. Rd1 Qf8 38. Bg4 Nf6 39.
Be6 Re7 40. Re1 Ne4 41. Qe3 Rxe6 42. f3 Ng5 43. Qf2 Rxe1+ 44. Qxe1 Qf7 45. Qe5 Ne6 46. Bc3 c5 0-1

[Event "Live Chess"]
[Site "Chess.com"]
[Date "2024.06.02"]
[Round "-"]
[White "Eva3337"]
[Black "RichardABates"]
[Result "0-1"]
[WhiteElo "1167"]
[BlackElo "2373"]
[TimeControl "300"]
[EndTime "8:20:05 PDT"]
[Termination "RichardABates won by resignation"]

1. e4 c5 2. Nf3 d6 3. c3 Nf6 4. Bd3 Nc6 5. O-O g5 6. Re1 g4 7. Nh4 Rg8 8. g3 Bh6 9. Bc2 Bg5 10. Ng2 Ne5 11. Ne3 Nf3+ 12. Kg2 Bxe3 13.
Rxe3 Rg5 14. d4 Rh5 15. h4 gxh3+ 16. Kxf3 Bg4+ 0-1

[Event "Live Chess"]
[Site "Chess.com"]
[Date "2024.06.02"]
[Round "-"]
[White "booktrunk"]
[Black "Hoogleboogle"]
[Result "1-0"]
[WhiteElo "1490"]
[BlackElo "1197"]
[TimeControl "300"]
[EndTime "8:20:18 PDT"]
[Termination "booktrunk won by resignation"]

1. d4 d5 2. Nc3 Nf6 3. Bf4 a6 4.
e3 Bf5 5. Bd3 Bg6 6. h4 h5 7.
Bxg6 fxg6 8. Nf3 Ne4 9. Nxe4 dxe4 10. Ne5 Nc6 11. Nxg6 Rh6 12. Bxh6 gxh6 13. Qxh5 Kd7 14. Ne5+ Kc8 15. Nf7 Qd7 16. Nxh6 Bxh6 17. Qxh6 Kb8 18. Qf8+ Ka7 19. Qf4 Nb4 20. O-O-O Nxa2+ 21. Kd2 c5 22. Qxe4 cxd4 23. Qxd4+ Qxd4+ 24. exd4 Rd8 25. c3 b5 26. Rhe1 b4 27. Rxe7+ Kb6 28. Rde1 bxc3+ 29. bxc3 Rc8 30. Rb1+ Ka5 31. Ra1 1-0

[Event "Live Chess"]
[Site "Chess.com"]
[Date "2024.06.02"]
[Round "-"]
[White "bill77678"]
[Black "Purple1szed"]
[Result "0-1"]
[WhiteElo "1840"]
[BlackElo "2006"]
[TimeControl "300"]
[EndTime "8:20:29 PDT"]
[Termination "Purple1szed won by resignation"]

1. e4 e5 2. Nf3 Nc6 3. d4 exd4 4. Bc4 Bc5 5. c3 Nf6 6. e5 d5 7. Bb5 Ne4 8. Nxd4 O-O 9. Bxc6 bxc6 10. Be3 Bxd4 11.
cxd4 Bf5 12. O-O Rb8 13. f3 Ng5 14. f4 Ne4 15. b3 f6 16. Nd2 fxe5 17. dxe5 Nc3 18.
Qh5 Bg6 19. Qf3 d4 20. Bf2 d3 21.
Nc4 Ne2+ 22. Kh1 Rxf4 23. Qxc6 Be4 24. Qe6+ Kh8 25. Be3 Rxf1+ 26. Rxf1 Qh4 27. Rf2 Qh5 28. Nb2 h6 29. Qf7 Qxe5 30. Nc4 Qd5 31. Bxh6 Qxf7 32. Rxf7 gxh6 33. Re7 Bd5 34. Ne5 d2 35. Ng6+ Kg8 0-1

[Event "Live Chess"]
[Site "Chess.com"]
[Date "2024.06.02"]
[Round "-"]
[White "Inglaterra"]
[Black "Plimsol"]
[Result "0-1"]
[WhiteElo "2061"]
[BlackElo "2377"]
[TimeControl "300"]
[EndTime "8:20:33 PDT"]
[Termination "Plimsol won by resignation"]

1. e4 e5 2. Nf3 Nc6 3. d4 exd4 4.
Nxd4 g6 5. Bc4 Bg7 6. Be3 Nf6 7. Nc3 O-O 8. Nxc6 bxc6 9. O-O Re8 10. f3 d5 11. Bd3 d4 12. Bf2 dxc3 13. bxc3 Be6 14. Rb1 Bxa2 15. Rb7 a5 16. c4 Nd7 17. Qc1 Qc8 18.
Ra7 Rxa7 19. Bxa7 Ne5 20. Bf2 Bxc4 0-1

[Event "Live Chess"]
[Site "Chess.com"]
[Date "2024.06.02"]
[Round "-"]
[White "MagnersCarlsberg2870"]
[Black "gmnorfolk"]
[Result "0-1"]
[WhiteElo "1766"]
[BlackElo "2127"]
[TimeControl "300"]
[EndTime "8:20:46 PDT"]
[Termination "gmnorfolk won by resignation"]

1. d4 Nf6 2. Nf3 d5 3. e3 g6 4. c4 Bg7 5. cxd5 Nxd5 6. Nc3 c5 7. Bc4 Nxc3 8. bxc3 O-O 9. O-O Qc7 10. Qb3 Nc6 11.
dxc5 Na5 12. Qb4 Nxc4 13. Qxc4 Be6 14. Qb4 a5 15. Qb5 Bxc3 16. Rb1 Bxa2 17. Rb2 Bxb2 18. Bxb2 Bd5 19. Be5 Qc6 20. Qb2 f6 21. Bd4 Bxf3 22.
gxf3 e5 23. Bc3 Qxc5 24. Rc1 Qe7 25. e4 Rf7 26. Qb6 Ra6 27. Qe3 Kg7 28. Bd2 a4 29. Rc8 g5 30. h4 h6 31. hxg5 fxg5 32. f4 gxf4 33. Qh3 Rg6+ 34. Kf1 Qd7 35. Qxd7 Rxd7 36.
Bc3 Re6 0-1

[Event "Live Chess"]
[Site "Chess.com"]
[Date "2024.06.02"]
[Round "-"]
[White "DylanMeyer1"]
[Black "PaulyD81"]
[Result "1-0"]
[WhiteElo "1702"]
[BlackElo "979"]
[TimeControl "300"]
[EndTime "8:20:46 PDT"]
[Termination "DylanMeyer1 won by resignation"]

1. c4 Nf6 2. Nc3 e6 3. g3 d5 4.
c5 Nc6 5. Bg2 Bxc5 6. e3 O-O 7.
d4 Bb4 8. Ne2 Ne4 9. a3 Nxc3 10.
Nxc3 Bxc3+ 11. bxc3 Qg5 12. O-O Ne7 13. e4 dxe4 14.
Bxg5 1-0

[Event "Live Chess"]
[Site "Chess.com"]
[Date "2024.06.02"]
[Round "-"]
[White "blunderabit"]
[Black "KyryloPoluliakh"]
[Result "1-0"]
[WhiteElo "1769"]
[BlackElo "1530"]
[TimeControl "300"]
[EndTime "8:20:52 PDT"]
[Termination "blunderabit won by checkmate"]

1. e4 c5 2. Nf3 Nc6 3. Bb5 Nd4 4.
Nxd4 cxd4 5. O-O Nf6 6. d3 a6 7. Ba4 e5 8. f4 exf4 9. Bxf4 b5 10. Bb3 d5 11. exd5 Nxd5 12. Re1+ Be7 13. Bg5 Be6 14.
Bxe7 Nxe7 15. Bxe6 fxe6 16. Qh5+ g6 17. Qe5 O-O 18.
Qxe6+ Kg7 19. Qxe7+ Qxe7 20. Rxe7+ Rf7 21. Rxf7+ Kxf7 22.
Nd2 Rc8 23. Rc1 Re8 24. Ne4 Ke6 25. Kf2 Rf8+ 26. Ke2 Ke5 27. Rf1 Rh8 28. Rf6 a5 29.
Rb6 b4 30. Rb5+ Ke6 31. Rxa5 Rc8 32. Kd2 h6 33. Rb5 Rf8 34. Rxb4 Rf1 35. Rxd4 Rg1 36.
g3 Rg2+ 37. Kc3 Rxh2 38. a4 Rh1 39. a5 Ra1 40. b4 g5 41. Rd6+ Ke7 42. Rxh6 Ra3+ 43.
Kc4 Ra1 44. Nxg5 Kd7 45. Ne4 Kc7 46. Rb6 Ra4 47. g4 Ra1 48. g5 Rg1 49. Rb5 Kc6 50. a6 Ra1 51. Ra5 Rxa5 52. bxa5 Kc7 53.
g6 Kb8 54. g7 Ka7 55. g8=Q Kxa6 56. Qd5 Ka7 57. Nc5 Kb8 58. Qb7# 1-0

[Event "Live Chess"]
[Site "Chess.com"]
[Date "2024.06.02"]
[Round "-"]
[White "nitrofish07"]
[Black "juniortay"]
[Result "1-0"]
[WhiteElo "2099"]
[BlackElo "2257"]
[TimeControl "300"]
[EndTime "8:20:57 PDT"]
[Termination "nitrofish07 won on time"]

1. d4 Nf6 2. c4 e5 3. d5 Bc5 4. h3 Ne4 5. e3 Qh4 6. Qf3 Bb4+ 7. Bd2 Nxd2 8. Nxd2 Bxd2+ 9. Kxd2 Rf8 10. g3 Qe7 11. a3 Na6 12. b4 d6 13. Ne2 Bd7 14. h4 O-O-O 15. Bg2 f5 16. Nc3 h6 17.
h5 Kb8 18. c5 e4 19. Qe2 Qe5 20. c6 Bc8 21. Qb5 Ka8 22. Bf1 bxc6 23. Qxc6+ Bb7 24.
Qa4 Nb8 25. Bc4 c6 26. Kc2 Nd7 27. dxc6 Nb6 28. cxb7+ Kb8 29. Qb5 d5 30. Bb3 Rc8 31. bxc8=Q+ Rxc8 32. Qc5 Rxc5 33. bxc5 Nd7 34. Rhd1 Nf6 35.
Nxd5 Ng4 36. Nb4 Kc7 37. Rac1 Nxf2 38. Rd5 Qxg3 39. c6 Nd3 40. Nxd3 exd3+ 41. Kxd3 f4 42.
Rd7+ Kc8 43. Re7 fxe3 44. Be6+ Kd8 45. c7+ Kxe7 46. c8=Q e2+ 47. Kxe2 Qg2+ 48. Kd3 Qf3+ 49. Kc2 Qe2+ 50. Kb1 Qb5+ 51. Ka2 Qe2+ 52. Rc2 Qe5 53. Qd7+ Kf6 54. Qf7+ Kg5 55. Rg2+ 1-0

[Event "Live Chess"]
[Site "Chess.com"]
[Date "2024.06.02"]
[Round "-"]
[White "DavrosLight"]
[Black "DarranAS"]
[Result "0-1"]
[WhiteElo "801"]
[BlackElo "1416"]
[TimeControl "300"]
[EndTime "8:21:11 PDT"]
[Termination "DarranAS won on time"]

1. e4 c5 2. Nf3 d6 3. d4 cxd4 4. Nxd4 e5 5. Nf3 Be7 6. b3 a6 7.
Bc4 Nc6 8. O-O Bg4 9. h3 Bh5 10. g4 Bg6 11. h4 h5 12. g5 Qc7 13. Nc3 b5 14. Qd5 Bf8 15. Bd3 Nge7 16. Nxb5 axb5 17. Qxb5 Rb8 18. Qc4 Nc8 19. Nxe5 dxe5 20. Bb2 Nb6 21.
Bxe5 Bd6 22. Qb5 Bxe5 23. f4 Bxa1 24. Qa6 Bd4+ 25. Kh2 O-O 26. Qa3 Be3 27. Kg3 Ra8 28. Qb2 Nb4 29. Qe5 Qxe5 30. fxe5 Nxd3 31. cxd3 Bd4 32. e6 fxe6 33. Rxf8+ Rxf8 34. a4 Nxa4 35. bxa4 Bf2+ 36. Kg2 Bxe4+ 37. dxe4 g6 38. a5 e5 39. a6 Kg7 0-1

[Event "Live Chess"]
[Site "Chess.com"]
[Date "2024.06.02"]
[Round "-"]
[White "elephantgerrald"]
[Black "gobbles19"]
[Result "0-1"]
[WhiteElo "871"]
[BlackElo "2221"]
[TimeControl "300"]
[EndTime "8:21:18 PDT"]
[Termination "gobbles19 won by checkmate"]

1. e4 c5 2. Nf3 e6 3. Bc4 d5 4.
exd5 exd5 5. Bb5+ Bd7 6. Bxd7+ Qxd7 7. Ne5 Qc7 8. Qf3 Qxe5+ 9. Qe2 Qxe2+ 10. Kxe2 Nc6 11.
Re1 O-O-O 12. Kf1 Nf6 13. d3 Bd6 14. Bg5 Rhe8 15. Rxe8 Rxe8 16. Nc3 Nd4 17. Bxf6 gxf6 18. Nxd5 Nxc2 19. Rc1 Nd4 20. Nxf6 Re6 21. Nxh7 Rg6 22.
b4 b6 23. bxc5 bxc5 24. f3 Ne6 25. g4 Bxh2 26. Kg2 Be5 27. Kh3 Rg7 28. Nf8 Nxf8 29.
Rxc5+ Bc7 30. d4 Ne6 31. Rc6 Rh7+ 32. Kg2 Nxd4 33. Rc4 Rh2+ 34. Kf1 Nxf3 35. g5 Kd7 36. a4 Bg3 37. g6 Rf2# 0-1

[Event "Live Chess"]
[Site "Chess.com"]
[Date "2024.06.02"]
[Round "-"]
[White "willc-h99"]
[Black "TC2304"]
[Result "0-1"]
[WhiteElo "2573"]
[BlackElo "2324"]
[TimeControl "300"]
[EndTime "8:21:26 PDT"]
[Termination "TC2304 won by resignation"]

1. d4 Nf6 2. g4 Nxg4 3. e4 d5 4. e5 g6 5. Be2 Nh6 6. h4 f6 7. Bf4 Nf7 8. Nc3 Bf5 9. Bg3 fxe5 10. dxe5 e6 11. h5 Bb4 12. Nf3 Nc6 13. hxg6 hxg6 14. Rxh8+ Nxh8 15. Bh4 Be7 16. Bxe7 Qxe7 17. Qd2 O-O-O 18.
O-O-O Nf7 19. Qf4 g5 20. Qg3 g4 21. Nd4 Nxd4 22. Rxd4 c5 23. Ra4 Kb8 24. Nb5 a6 25.
Qa3 Qg5+ 26. Kb1 Qd2 27. Qe3 0-1

[Event "Live Chess"]
[Site "Chess.com"]
[Date "2024.06.02"]
[Round "-"]
[White "GEMdzq"]
[Black "CarmelJane"]
[Result "1-0"]
[WhiteElo "2273"]
[BlackElo "2043"]
[TimeControl "300"]
[EndTime "8:21:28 PDT"]
[Termination "GEMdzq won by checkmate"]

1. e4 g6 2. d4 Bg7 3. c3 a6 4. Bd3 b5 5. Nf3 Bb7 6. O-O d6 7. a4 Nd7 8. axb5 axb5 9. Rxa8 Qxa8 10. Nbd2 c6 11. Re1 Nb6 12. e5 dxe5 13. dxe5 e6 14.
Ne4 Nc8 15. Bg5 Nge7 16. Bxe7 Kxe7 17. Qc1 h6 18. Nc5 Nb6 19. Nd4 Na4 20. b4 Rd8 21. Qf4 Nxc3 22. Qh4+ g5 23. Qg4 Nd5 24. Ndxe6 Bc8 25.
Qh5 Bxe6 26. Nxe6 Kxe6 27. Qg4+ Ke7 28. e6 f6 29. Qh5 Rf8 30. Qg6 Bh8 31. Qh7+ Kd6 32.
Qd7# 1-0

[Event "Live Chess"]
[Site "Chess.com"]
[Date "2024.06.02"]
[Round "-"]
[White "FREDERICKtheMATE"]
[Black "lyricalschemes"]
[Result "1-0"]
[WhiteElo "2662"]
[BlackElo "2190"]
[TimeControl "300"]
[EndTime "8:21:35 PDT"]
[Termination "FREDERICKtheMATE won by resignation"]

1. d4 Nf6 2. Nf3 e6 3. g3 d5 4. Bg2 Be7 5. O-O O-O 6. b3 b6 7.
c4 Bb7 8. Ne5 c5 9. Bb2 cxd4 10.
Qxd4 Nc6 11. Nxc6 Bxc6 12. Nc3 Bc5 13. Qh4 Be7 14. Qd4 Bc5 15. Qd3 Rc8 16. cxd5 Nxd5 17. Nxd5 Bxd5 18. Bxd5 Qxd5 19. Qxd5 exd5 20. e3 Rfe8 21. Rfd1 Rcd8 22. a3 f6 23. b4 Be7 24.
Rd3 Kf7 25. Rad1 Ke6 26. Kg2 Rd7 27. R1d2 Red8 28. g4 g6 29. h3 f5 30. Rc2 Bf6 31.
Bxf6 Kxf6 32. b5 Rd6 33. Rd4 R8d7 34. f4 Re7 35. Kf3 Rde6 36. Rc3 Rd7 37. Rcd3 Red6 38. a4 Rd8 39. Ra3 R8d7 40. Rc3 Ke6 41. g5 Rd8 42. h4 R8d7 43. Kg3 Rd8 44. h5 R8d7 45. h6 Rd8 46. Kf3 R8d7 47. Ke2 Rd8 48. Kd3 R8d7 49. Rb4 Rd8 50.
Kd4 R8d7 51. Rb2 Rd8 52. Rbc2 R8d7 53. Rc8 Rd8 54. R8c7 R8d7 55. R2c3 Ke7 56. Rxd7+ Kxd7 57. Ke5 d4 58. exd4 Re6+ 59. Kd5 Re4 60. a5 Rxf4 61. axb6 axb6 62. Rc6 Rg4 63. Rxb6 Rxg5 64. Rb7+ Kc8 65. Rxh7 f4+ 66. Kc6 Kd8 67. b6 f3 68. b7 1-0

[Event "Live Chess"]
[Site "Chess.com"]
[Date "2024.06.02"]
[Round "-"]
[White "degringolade64"]
[Black "matt1979"]
[Result "1-0"]
[WhiteElo "2082"]
[BlackElo "1400"]
[TimeControl "300"]
[EndTime "8:21:36 PDT"]
[Termination "degringolade64 won by resignation"]

1. e4 d6 2. d4 Nf6 3. Nc3 Nbd7 4. g4 h6 5. h3 e5 6. Nge2 Be7 7. Bg2 c6 8. a4 Qc7 9. O-O O-O 10. Be3 b6 11.
Ng3 exd4 12. Bxd4 Nc5 13. Qd2 Be6 14. Rad1 Rad8 15. f4 d5 16. e5 Nfd7 17. f5 Bxf5 18. Nxf5 Bg5 19. Be3 Bxe3+ 20. Qxe3 Nxe5 21. Qf4 Qd6 22.
Nxd6 1-0

[Event "Live Chess"]
[Site "Chess.com"]
[Date "2024.06.02"]
[Round "-"]
[White "Frankie_Badacsonyi"]
[Black "Zhevzh1k7"]
[Result "1-0"]
[WhiteElo "2363"]
[BlackElo "1128"]
[TimeControl "300"]
[EndTime "8:21:50 PDT"]
[Termination "Frankie_Badacsonyi won by checkmate"]

1. Nf3 d5 2. b3 c5 3. Bb2 Nc6 4. e3 Bf5 5. Bb5 Qb6 6. Bxc6+ Qxc6 7. O-O e6 8. d3 Nf6 9. Nbd2 Be7 10. Qe2 O-O 11. Rfe1 Rfe8 12. e4 dxe4 13. dxe4 Bg6 14. Ne5 Qc7 15. Nxg6 fxg6 16. Rad1 Rad8 17. Nc4 b5 18. Ne5 Bd6 19. Nf3 a6 20. e5 Nd5 21.
exd6 Qxd6 22. Qe5 Qxe5 23. Nxe5 Nb4 24. c3 Nd5 25. Nc6 Rd6 26. Ne5 Red8 27. c4 bxc4 28. Nxc4 R6d7 29. g3 Nf6 30. Rxd7 Rxd7 31. Rxe6 Rd1+ 32.
Kg2 Rd5 33. Bxf6 gxf6 34. Rxa6 Kg7 35. Rd6 Rxd6 36. Nxd6 Kh6 37. a4 Kg5 38. a5 f5 39.
a6 Kg4 40. a7 f4 41. gxf4 Kxf4 42. a8=Q g5 43. Qe4# 1-0

[Event "Live Chess"]
[Site "Chess.com"]
[Date "2024.06.02"]
[Round "-"]
[White "TheSmoulderingMaster"]
[Black "ivan_1968"]
[Result "0-1"]
[WhiteElo "1775"]
[BlackElo "1817"]
[TimeControl "300"]
[EndTime "8:22:07 PDT"]
[Termination "ivan_1968 won by resignation"]

1. e4 c6 2. d4 d5 3. Nc3 b5 4.
exd5 b4 5. Nce2 cxd5 6. Ng3 Ba6 7. Bxa6 Nxa6 8. Nf3 e6 9. O-O Nf6 10. Bg5 Bd6 11.
Ne5 h6 12. Bh4 g5 13. Nh5 Bxe5 14. Nxf6+ Bxf6 15. Bg3 Qb6 16. Re1 O-O 17. Qf3 Bg7 18. h4 Qxd4 19. hxg5 hxg5 20. Qh5 Qf6 21. Be5 Qg6 22.
Qg4 f5 23. Qe2 Nc5 24. Qb5 Rac8 25. Qxb4 Ne4 26. Bxg7 Kxg7 27. Qd4+ Qf6 28. Qxa7+ Rf7 29.
Qa6 Rxc2 30. a4 Qd4 31. Rf1 Rxf2 32. Rxf2 Qxf2+ 33. Kh1 Kf6 0-1

[Event "Live Chess"]
[Site "Chess.com"]
[Date "2024.06.02"]
[Round "-"]
[White "ShanthamGrarks"]
[Black "ACM42"]
[Result "1-0"]
[WhiteElo "1905"]
[BlackElo "2157"]
[TimeControl "300"]
[EndTime "8:22:14 PDT"]
[Termination "ShanthamGrarks won by checkmate"]

1. d4 Nf6 2. Nc3 g6 3. e4 Bg7 4. e5 Ng8 5. f4 d6 6. Nf3 Nd7 7. Bc4 e6 8. O-O d5 9. Bd3 c5 10. Nb5 Bf8 11. Ng5 a6 12. Nd6+ Bxd6 13. exd6 cxd4 14.
Qe2 Nc5 15. f5 Nxd3 16. cxd3 Qxd6 17. fxe6 f6 18. Bf4 Qe7 19. Nf7 Qxe6 20. Qxe6+ Bxe6 21. Nxh8 Kf8 22. Rae1 Re8 23. Bh6+ Nxh6 24. Rxf6+ Kg7 25.
Rfxe6 Rxh8 26. Re7+ Kf6 27. Rxb7 Nf5 28. Rb6+ Kg5 29.
Rxa6 Rc8 30. Ra5 Rc2 31. Rxd5 Rxb2 32. a4 Ra2 33. a5 h5 34. Re4 h4 35. Rexd4 Ra1+ 36. Kf2 Ra2+ 37. Kf3 Ra1 38. Rg4+ Kf6 39. Rb5 Ra3 40. Rf4 Rxd3+ 41. Kg4 Ra3 42. Rb6+ Kg7 43. Kg5 Ne7 44. a6 Ra5+ 45. Kg4 Nf5 46. Rb7+ Kh6 47.
a7 Ra3 48. Rxf5 gxf5+ 49. Kxf5 h3 50. g4 Rxa7 51. g5+ Kh5 52. Rxa7 Kh4 53. Rh7# 1-0

[Event "Live Chess"]
[Site "Chess.com"]
[Date "2024.06.02"]
[Round "-"]
[White "joellloyd"]
[Black "McFim"]
[Result "0-1"]
[WhiteElo "1883"]
[BlackElo "1809"]
[TimeControl "300"]
[EndTime "8:22:41 PDT"]
[Termination "McFim won by resignation"]

1. e4 c6 2. d4 d5 3. e5 Bf5 4.
h4 h5 5. Bd3 Bxd3 6. Qxd3 e6 7.
Bg5 Qd7 8. Nf3 Ne7 9. Nbd2 c5 10. c4 cxd4 11. Nxd4 dxc4 12. Nxc4 Nf5 13. O-O-O Nxd4 14. Qxd4 Qxd4 15. Rxd4 Nc6 16. Nd6+ Bxd6 17. Rxd6 Nxe5 18. Rhd1 f6 19. Rxe6+ Kf7 20. Rxe5 fxe5 21. Rd7+ Kg6 22. Rxb7 Rhc8+ 23. Kd2 a5 24. a4 Rab8 25. Rxb8 Rxb8 26.
Kc3 Kf5 27. f3 g6 28. g3 Rb4 29. b3 Rb8 30. Be7 Ke6 31. Bc5 Kd5 32. b4 axb4+ 33.
Bxb4 Rc8+ 34. Kd3 Rc1 35. Be7 Ra1 36. Bg5 Rxa4 37. Ke3 Ra3+ 38. Ke2 Ke6 39. f4 e4 40.
Bd8 Rxg3 0-1

[Event "Live Chess"]
[Site "Chess.com"]
[Date "2024.06.02"]
[Round "-"]
[White "Karasyov2"]
[Black "GerardATHart"]
[Result "1-0"]
[WhiteElo "1160"]
[BlackElo "1380"]
[TimeControl "300"]
[EndTime "8:22:44 PDT"]
[Termination "Karasyov2 won on time"]

1. e4 e5 2. Nf3 Nc6 3. Bc4 Nf6 4.
Ng5 d5 5. exd5 Nxd5 6. Nxf7 Kxf7 7. Qf3+ Ke6 8. Nc3 Nd4 9. Qxd5+ Qxd5 10. Bxd5+ Kd6 11.
O-O Nxc2 12. Rb1 Bf5 13. Be4 Nd4 14. Bxf5 Nxf5 15. Re1 g6 16. Nb5+ Kc6 17. Nc3 Bd6 18. b3 Raf8 19. Bb2 Nd4 20. Ne4 Rf7 21. f3 Rhf8 22.
Ng5 Rf5 23. Ne4 Ne6 24. Rbc1+ Kd7 25. Nxd6 cxd6 26. Rc4 Nf4 27. Re3 Rg5 28. g3 Nd5 29.
Rd3 Ke6 30. f4 b5 31. Rc6 Kd7 32. Ra6 exf4 33. Kf2 fxg3+ 34. Kg2 1-0

[Event "Live Chess"]
[Site "Chess.com"]
[Date "2024.06.02"]
[Round "-"]
[White "NottheBishopSacrifice"]
[Black "TigerTank70"]
[Result "1-0"]
[WhiteElo "2341"]
[BlackElo "2175"]
[TimeControl "300"]
[EndTime "8:22:49 PDT"]
[Termination "NottheBishopSacrifice won by resignation"]

1. d4 d5 2. Nf3 c5 3. e3 e6 4. Nbd2 Nf6 5. a3 Qb6 6. dxc5 Bxc5 7. c4 d4 8. exd4 Bxd4 9. Nxd4 Qxd4 10. Nf3 Qxd1+ 11. Kxd1 O-O 12. Be3 Nc6 13. Kc2 e5 14.
Nd2 Bf5+ 15. Bd3 e4 16. Be2 Rad8 17. Rhd1 Rfe8 18. Nb3 Ng4 19. h3 Nxe3+ 20. fxe3 Be6 21. Rxd8 Rxd8 22. Rd1 Rxd1 23. Kxd1 Ne5 24. Nd2 f5 25. Kc2 b6 26. Kc3 Kf7 27. b4 Ke7 28. c5 bxc5 29. bxc5 Kd7 30. Bb5+ Kc7 31. Kd4 Nf7 32. Bc4 Bxc4 33.
Nxc4 g5 34. Ne5 Nd8 35. Kd5 h6 36. g3 h5 37. h4 gxh4 38. gxh4 Nb7 39. Ng6 Na5 40.
Nf4 Nb3 41. Nxh5 Nd2 42. Ng3 f4 43. exf4 e3 44. Ne2 1-0

[Event "Live Chess"]
[Site "Chess.com"]
[Date "2024.06.02"]
[Round "-"]
[White "friarnator"]
[Black "NAZRIZ1977"]
[Result "1-0"]
[WhiteElo "2209"]
[BlackElo "2072"]
[TimeControl "300"]
[EndTime "8:22:49 PDT"]
[Termination "friarnator won by resignation"]

1. d4 d5 2. Nf3 e6 3. Bf4 f5 4. e3 Nf6 5. h3 Bd6 6. Bd3 O-O 7. Nbd2 c6 8. Ne5 Ne4 9. f3 Qh4+ 10. g3 Nxg3 11.
Bxg3 Qxg3+ 12. Kf1 Bxe5 13. dxe5 Qxe5 14. Qe2 Qxb2 15.
Kf2 Nd7 16. Rag1 Qf6 17. f4 Qh4+ 18. Kf1 Nf6 19. Qg2 Rf7 20. Nf3 Qh6 21. Ne5 Re7 22.
Qg3 Bd7 23. Rh2 Nh5 24. Qh4 Rae8 25. Be2 Ng3+ 26. Qxg3 Kh8 27. Rhg2 1-0

[Event "Live Chess"]
[Site "Chess.com"]
[Date "2024.06.02"]
[Round "-"]
[White "silunn"]
[Black "ukraineZelensky"]
[Result "1-0"]
[WhiteElo "2067"]
[BlackElo "1315"]
[TimeControl "300"]
[EndTime "8:23:13 PDT"]
[Termination "silunn won by resignation"]

1. e4 e5 2. Nf3 d6 3. Bc4 Be7 4. c3 Nc6 5. h3 Nf6 6. d3 h6 7. Nbd2 O-O 8. O-O a6 9. a4 Bd7 10. a5 Qc8 11. Nh2 Be6 12. f4 Bxc4 13. Nxc4 exf4 14.
Bxf4 Qe6 15. Ne3 Ne5 16. Nf5 Ng6 17. Bd2 Bd8 18. Nf3 d5 19. N3d4 Qd7 20. exd5 Qxd5 21. c4 Qe5 22. Bc3 Qg3 23. Nxg3 Be7 24. Ndf5 Bc5+ 25. d4 Bd6 26. Nxd6 cxd6 27. Rxf6 gxf6 28. Nf5 Kh7 29. Qh5 1-0

[Event "Live Chess"]
[Site "Chess.com"]
[Date "2024.06.02"]
[Round "-"]
[White "kylet1990"]
[Black "TheSmoulderingMaster"]
[Result "0-1"]
[WhiteElo "782"]
[BlackElo "1775"]
[TimeControl "300"]
[EndTime "8:23:20 PDT"]
[Termination "TheSmoulderingMaster won by resignation"]

1. e4 c5 2. Bc4 e6 3. Nc3 Nc6 4. d3 Nf6 5. Nf3 d5 6. exd5 exd5 7. Nb5 a6 8. Qe2+ Be7 9. Nd6+ Qxd6 10. Bxd5 Nxd5 11.
O-O O-O 0-1

[Event "Live Chess"]
[Site "Chess.com"]
[Date "2024.06.02"]
[Round "-"]
[White "Purple1szed"]
[Black "PhilMaybury64"]
[Result "0-1"]
[WhiteElo "1991"]
[BlackElo "1452"]
[TimeControl "300"]
[EndTime "8:23:33 PDT"]
[Termination "PhilMaybury64 won by resignation"]

1. e4 e5 2. Nf3 d6 3. d4 Bg4 4. dxe5 Nd7 5. exd6 Bxd6 6. Nc3 Qe7 7. Bd3 Ngf6 8. h3 Bh5 9. O-O O-O-O 10. Re1 Ne5 11. Be2 Nxf3+ 12. Bxf3 Bh2+ 13. Kxh2 Rxd1 14. Bxd1 Bxd1 15.
Rxd1 Rd8 16. Bg5 h6 17. Bxf6 Qxf6 18. f3 g5 19. Rxd8+ Kxd8 20. Rd1+ Kc8 21. Rd5 c6 22. Rf5 Qd6+ 23. Kg1 Qd4+ 24. Kf1 b5 25. Rxf7 Qc4+ 0-1

[Event "Live Chess"]
[Site "Chess.com"]
[Date "2024.06.02"]
[Round "-"]
[White "Andysav3"]
[Black "bobby_jamesFischer86"]
[Result "1-0"]
[WhiteElo "1898"]
[BlackElo "1637"]
[TimeControl "300"]
[EndTime "8:23:44 PDT"]
[Termination "Andysav3 won on time"]

1. e4 c5 2. c3 Nc6 3. d4 cxd4 4. cxd4 d6 5. d5 Nb8 6. Nc3 a6 7. a4 Bd7 8. Nf3 Nf6 9. Nd4 g6 10. Bd3 Bg7 11. O-O O-O 12. Bc2 Bg4 13. f3 Bd7 14.
Be3 Bc8 15. a5 Nbd7 16. f4 Nc5 17. Na4 Ncxe4 18. Nb6 Rb8 19. Qb1 Nc5 20. b4 Ncd7 21.
Nf3 Ng4 22. Ra3 Nxe3 23. Rxe3 Nxb6 24. axb6 Qxb6 25. Re1 Bg4 26. Kh1 Bxf3 27. Rxf3 Qc7 28. f5 Rbc8 29. Bd3 e6 30. dxe6 fxe6 31. Rxe6 Qc1+ 32.
Rf1 Qxb1 33. Rxb1 gxf5 34. Rxd6 Rfd8 35. Rxd8+ Rxd8 36. Bxf5 b6 37. Be6+ Kh8 38. g3 a5 39.
b5 Rd6 40. Rc1 Bd4 41. Rc8+ Kg7 42. Rc7+ Kf6 43. Bd7 Bc5 44. Ra7 Rd2 45. Bc6 Kg5 46. Rxh7 Kg4 47. Rg7+ Kf5 48. Re7 Kg4 49. Bd7+ Kf3 50.
Rf7+ Ke2 51. Bg4+ Kd3 52. Rd7+ 1-0

[Event "Live Chess"]
[Site "Chess.com"]
[Date "2024.06.02"]
[Round "-"]
[White "davigator"]
[Black "Ferrarifan27"]
[Result "1-0"]
[WhiteElo "2342"]
[BlackElo "2145"]
[TimeControl "300"]
[EndTime "8:24:00 PDT"]
[Termination "davigator won by resignation"]

1. e4 e5 2. Nf3 Nc6 3. Bc4 Bc5 4. c3 Nf6 5. d3 a6 6. O-O d6 7. h3 O-O 8. a4 h6 9. Re1 Qe7 10. Nbd2 Be6 11. a5 Bxc4 12. Nxc4 Ba7 13. Be3 Bxe3 14.
Nxe3 Qe6 15. Qa4 Rfe8 16. Rad1 Rad8 17. Nc4 d5 18. exd5 Qxd5 19. Nh2 Qc5 20. b4 Qd5 21. Ne3 Qd7 22. Nf3 Qc8 23. Qb3 e4 24. dxe4 Nxe4 25.
Rxd8 Qxd8 26. Qc2 Nf6 27. Kf1 Re6 28. Nh4 Qe8 29. Nhf5 Ne5 30. Rd1 Nc6 31. Qd2 Kh7 32. Qd3 g6 33. Ng3 Rd6 34. Qc2 Rxd1+ 35. Qxd1 Ne4 36.
Nxe4 Qxe4 37. Qd7 Qe7 38. Qd3 Ne5 39. Qe4 Nc6 40. Qd3 Ne5 41. Qd5 c6 42. Qe4 Qd6 43. g4 Qd3+ 44. Qxd3 Nxd3 45. Nc4 Nf4 46. Nd6 Nxh3 47.
Nxb7 Nf4 48. Nc5 Nd5 49. Nxa6 Nxc3 50. Nb8 Nb5 51. Nxc6 Kg7 52. Ke2 Kf6 53. Kd3 Ke6 54.
Kc4 Nc7 55. b5 Kd6 56. Nd4 h5 57. gxh5 gxh5 58. b6 Ne8 59. a6 Nc7 60. bxc7 Kxc7 61. Nf5 Kb6 62. Kd5 Kxa6 63. Ke5 Kb6 64. Kf6 Kc5 65.
Kxf7 Kd5 66. Kg6 Ke4 67. Nh4 Kf4 68. Kxh5 Ke4 69. Kg5 Ke5 70. f4+ 1-0